 Dungeon Crawl Stone Soup version 0.29.1-1-gd02db6906a (webtiles) character file.

Game seed: 10135773139194881517

120 Godmorgon the Magician (level 5, -2/38 HPs)
             Began as a Djinni Ice Elementalist on Oct 5, 2022.
             Slain by an orc wizard
             ... wielding a +2 dagger of venom
              (6 damage)
             ... on level 3 of the Dungeon.
             The game lasted 00:10:57 (2689 turns).

Godmorgon the Magician (Djinni Ice Elementalist)    Turns: 2689, Time: 00:10:57

Health: -2/38      AC:  3    Str:  7    XL:     5   Next: 25%
Gold:   80         EV: 12    Int: 18    God:
                   SH:  0    Dex: 14

rFire   + + .      SeeInvis .   a - +0 dagger
rCold   x . .      Faith    .   (no shield)
rNeg    . . .      Spirit   .   i - +0 robe
rPois   ∞          Reflect  .   n - +0 helmet
rElec   .          Harm     .   (no cloak)
rCorr   .          Rampage  .   (no gloves)
Will    .....                   (boots unavailable)
Stlth   ++........              (no amulet)
HPRegen 0.12/turn               (no ring)
MPRegen 0.00/turn               (no ring)

@: freezing walls, flying
A: sickness immunity, fire resistance 2, cold vulnerability 1, float, innate
caster, HP casting, extra vitality 1
a: no special abilities


You were on level 3 of the Dungeon.
You visited 1 branch of the dungeon, and saw 4 of its levels.

You collected 80 gold pieces.

Inventory:

Hand Weapons
 a - a +0 dagger (weapon)
Missiles
 c - 27 stones (quivered)
 p - 6 poisoned darts
Armour
 i - a +0 robe (worn)
 n - a +0 helmet (worn)
Scrolls
 d - 5 scrolls of teleportation
 g - a scroll of enchant armour {unknown}
 j - 4 scrolls of identify {unknown}
 k - a scroll of butterflies {unknown}
 l - 2 scrolls of vulnerability {unknown}
 m - a scroll of brand weapon {unknown}
 o - a scroll of fear {unknown}
Potions
 b - a potion of mutation {unknown}
 e - 3 potions of curing {unknown}
 f - a potion of attraction {unknown}
 h - a potion of lignification {unknown}


   Skills:
 + Level 2.0 Fighting
 * Level 1.9 Short Blades
 - Level 2.1 Dodging
 - Level 1.5 Stealth
 * Level 4.1 Spellcasting


You couldn't memorise any spells.
You knew the following spells:

 Your Spells              Type           Power      Damage    Failure   Level
a - Ozocubu's Armour      Ice            18%        N/A       9%          3
f - Freeze                Ice            72%        1d9       2%          1
h - Hailstorm             Conj/Ice       18%        3d6       26%         4
r - Frozen Ramparts       Ice            36%        1d6       9%          3
s - Shock                 Conj/Air       72%        1d7       2%          1
w - Wereblood             Tmut           18%        N/A       4%          2
Your spell library was empty.

Dungeon Overview and Level Annotations

Branches:
Dungeon (4/15)
 Temple: D:4-7

Altars:
Lugonu

Shops:
D:2 (

Portals:
Abyss: D:4

Annotations:
D:4 1 runed translucent door, Lance11888's ghost, amateur PaAM


Innate Abilities, Weirdness & Mutations

You are immune to sickness and miasma.
You are immune to poison.
Your flesh is very heat resistant. (rF++)
You are vulnerable to cold. (rC-)
You float through the air rather than walking.
You learn spells naturally, not from books.
Your magical power is your life essence.
You have superior vitality. (+4 MHP)


Message History

There is a stone staircase leading down here.
You see here an adder corpse.
Casting: Shock (safe; 2% risk of failure)
Confirm with . or Enter, or press ? or * to list all spells.
Aiming: Shock (safe; 2% risk of failure)
Press: ? - help, Shift-Dir - straight line The zap hits the orc.
The orc is moderately wounded.
The zap misses the orc.
* * * LOW HITPOINT WARNING * * *
Casting: Shock (safe; 2% risk of failure)
Confirm with . or Enter, or press ? or * to list all spells.
Aiming: Shock (safe; 2% risk of failure)
Press: ? - help, Shift-Dir - straight line The zap hits the orc.
You kill the orc!
* * * LOW HITPOINT WARNING * * *
Something barely misses you.
Casting: Shock (safe; 2% risk of failure)
Confirm with . or Enter, or press ? or * to list all spells.
You can't see any susceptible monsters within range! (Use Z to cast anyway.)
Casting: Shock (safe; 2% risk of failure)
Confirm with . or Enter, or press ? or * to list all spells.
Casting: Frozen Ramparts (dangerous; 9% risk of failure)
Press: ? - help, Dir - look around, f - activate A stone staircase leading down.
The walls around you are covered in ice.
* * * LOW HITPOINT WARNING * * *
The wall freezes something.
Something barely misses you.
Casting: Frozen Ramparts (dangerous; 9% risk of failure)
Confirm with . or Enter, or press ? or * to list all spells.
You can't see any susceptible monsters within range! (Use Z to cast anyway.)
Casting: Frozen Ramparts (dangerous; 9% risk of failure)
Confirm with . or Enter, or press ? or * to list all spells.
Aiming: Shock (safe; 2% risk of failure)
Press: ? - help, Shift-Dir - straight line The zap hits something.
* * * LOW HITPOINT WARNING * * *
The wall freezes something.
Something hits you.
You die...

#.....#.#
+.......#
#...o.#.#
#...#.#.#
#..).#
#.##)# #.
#†# .# #{#
#. #@# ##
#)# #†# #†#
#.# #.#
#..........
#.#########
#.


There were no monsters in sight!

Vanquished Creatures
  Jessica (D:2)
  3 adders
  3 worms
  3 dart slugs
  4 orcs (D:3)
  4 ball pythons
  4 endoplasms
  2 giant cockroaches
  2 goblins
  A hobgoblin (D:1)
  3 jackals (D:2)
  4 quokkas
  6 bats
  6 frilled lizards
  2 kobolds
  2 rats
  A lurking horror (D:4)
51 creatures vanquished.

Vanquished Creatures (others)
  5 plants (D:2)
5 creatures vanquished.

Grand Total: 56 creatures vanquished

Notes
Turn   | Place    | Note
-------+----------+-------------------------------------------
     0 | D:1      | Godmorgon the Djinni Ice Elementalist began the quest for
                  | the Orb.
     0 | D:1      | Godmorgon set off with the following spells memorised:
                  | Freeze, Frozen Ramparts, Ozocubu's Armour, Hailstorm.
     0 | D:1      | Reached XP level 1. HP: 15/15 MP: 0/0
   129 | D:1      | Reached XP level 2. HP: 13/22 MP: 0/0
   612 | D:1      | Reached skill level 1 in Fighting
  1187 | D:2      | Found Tiesei's Weapon Boutique.
  1195 | D:2      | Reached XP level 3. HP: 22/27 MP: 0/0
  1195 | D:2      | Learned a level 1 spell: Shock
  1736 | D:2      | Reached XP level 4. HP: 27/32 MP: 0/0
  1818 | D:2      | Reached skill level 1 in Short Blades
  2263 | D:2      | Noticed Jessica
  2265 | D:2      | Killed Jessica
  2266 | D:2      | Reached skill level 4 in Spellcasting
  2482 | D:3      | You are sucked into a shaft and drop 1 floor!
  2487 | D:4      | Found a one-way gate to the infinite horrors of the Abyss.
  2487 | D:4      | Found a corrupted altar of Lugonu.
  2554 | D:4      | Found a runed translucent door.
  2554 | D:4      | Noticed Lance11888's ghost (amateur PaAM)
  2590 | D:3      | Reached XP level 5. HP: 9/38 MP: 0/0
  2590 | D:3      | Learned a level 2 spell: Wereblood
  2689 | D:3      | Slain by an orc wizard

Illustrated notes

Levels and vault maps discovered:
D:1:      lightli_arrival_chessboard, layout_basic, minmay_misc_feat_iff
D:2:      wad_crossroads, layout_basic, serial_shops,
          nicolae_shop_bloodbath_and_beyond, serial_forest,
          infiniplex_forest_diagonal, infiniplex_forest_clump_tiny,
          infiniplex_forest_straight_4, infiniplex_forest_clump_double,
          infiniplex_forest_zigzag_1, infiniplex_forest_straight_2,
          infiniplex_forest_clump_small, infiniplex_forest_lined_corner,
          basic_altar, uniq_jessica
D:3:      layout_loops_ring, nicolae_ru_the_path_less_chosen,
          gup_sewer_entry_bowl, nicolae_hexahallways,
          minmay_fractal_squares_diagonal_5, uniq_sigmund,
          uniq_crazy_yiuf_cottage, uniq_ijyb
D:4:      layout_basic, trog_ov_bears_minmay, hellmonk_ghost_happy_afterlife,
          minivault_19, amcnicky_altar_lugonu_corruption, uniq_duvessa

Skill      XL: |  1  2  3  4  5 |
---------------+----------------+-----
Fighting       | 1 2 |  2.0
Short Blades   | 1 |  1.9
Spellcasting   | 4 |  4.1
Dodging        | |  2.1
Stealth        | |  1.5

Action                   |  1- 3 |  4- 6 || total
-------------------------+-------+-------++-------
Melee: Unarmed           |     1 |       ||     1
       Dagger            |     2 |     1 ||     3
Throw: Stone             |     9 |       ||     9
 Cast: Freeze            |    34 |    10 ||    44
       Shock             |    18 |    30 ||    48
       Frozen Ramparts   |       |     2 ||     2
  Use: Scroll            |       |     1 ||     1
Armor: Robe              |     5 |     4 ||     9
Dodge: Dodged            |    19 |    10 ||    29
